AoeStats
← huxkon

Arabia

503420026Analyzed
1v1 RM · 1mo ago on Aug 31, 2026· 32m 29s· 2 players
Game mode
Random Map
Map size
Tiny (2 player)
Population
200
Speed
Normal
Resources
Standard
Victory
Conquest
Starting age
Dark Age
Ending age
Imperial Age
RankedLock teamsTeams togetherTeam positionsShared explorationLock speedFull tech treeHidden civsTurbo modeCheats
Victory
Defeat
🇬🇧 Celts · United Kingdom
980
+17
🇹🇷 Franks · Türkiye
1000
-51
13Powerclub13
6:18 Loom
9:40 Feudal Age
11:22 Man-at-Arms
20:00 Castle Age
20:40 Long Swordsman
21:05 Gambesons
21:12 Arson
21:34 Scale Mail Armor
21:44 Forging
22:41 Forging
26:45 Pikeman
28:08 Sanctity
29:19 Iron Casting
29:00 Chain Mail Armor
huxkon
11:36 Feudal Age
12:43 Double-Bit Axe
22:16 Scale Barding Armor
22:23 Forging
22:38 Gold Mining
26:11 Castle Age
27:34 Chain Barding Armor
27:50 Iron Casting
27:53 Gold Shaft Mining
27:34 Bow Saw
28:17 Husbandry
28:44 Pikeman
Connection lost

Rejoining the realm…

Still unreachable

The connection could not be restored.

Session expired

The server has moved on; the page needs a fresh start.